 Dungeon Crawl Stone Soup version 0.31-a0-152-g6aa68a64a1 (webtiles) character file.

Game seed: 14985833948394338093

19 comborobin the Sneak (level 2, 0/18 HPs)
             Began as a Deep Elf Delver on June 10, 2023.
             Slain by an orc
             ... wielding a +0 falchion
              (6 damage)
             ... on level 4 of the Dungeon.
             The game lasted 00:01:14 (309 turns).

comborobin the Sneak (Deep Elf Delver)               Turns: 309, Time: 00:01:15

Health: 0/18       AC:  3    Str:  9    XL:     2   Next: 55%
Magic:  4/4        EV: 12    Int: 14    God:
Gold:   14         SH:  0    Dex: 16    Spells: 1/1 levels left

rFire   . . .        a - +0 short sword
rCold   . . .        (no shield)
rNeg    . . .        b - +0 leather armour
rPois   .            (no helmet)
rElec   .            (no cloak)
rCorr   .            (no gloves)
SInv    .            (no boots)
Will    .....        f - amulet of the acrobat
Stlth   +++          (no ring)
HPRegen 0.23/turn    (no ring)
MPRegen 0.09/turn

%: acrobat
@: no status effects
A: no striking features
a: no special abilities


You were on level 4 of the Dungeon.
You visited 1 branch of the dungeon, and saw 3 of its levels.

You collected 14 gold pieces.

Inventory:

Hand Weapons
 a - a +0 short sword (weapon)
Armour
 b - a +0 leather armour (worn)
Jewellery
 f - an amulet of the acrobat (around neck)
 j - an amulet of faith
Wands
 g - a wand of digging (3)
Scrolls
 c - a scroll of fog
 d - a scroll of magic mapping
 e - a scroll of fear
 i - a scroll of immolation {unknown}
Potions
 h - a potion of enlightenment {unknown}


   Skills:
 + Level 2.4 Fighting
 - Level 2.0 Short Blades
 - Level 2.4 Dodging
 - Level 6.0 Stealth
 - Level 1.9 Unarmed Combat


You had one spell level left.
You didn't know any spells.
Your spell library was empty.

Dungeon Overview and Level Annotations

Branches:
Dungeon (6/15)
 Temple: D:4-7

Altars:
Ru

Shops:
D:5 (

Annotations:
D:4 Natasha


Message History

You hit the orc.
The orc is heavily wounded.
The orc hits you with a +0 falchion.
Unknown command.
You hit the orc but do no damage.
The orc is heavily wounded.
The orc hits you with a +0 falchion!
Natasha, Servant of Life and Death comes into view.
You hit the orc wizard but do no damage.
The orc hits you but does no damage.
The orc wizard hits you with a +0 dagger.
You are too injured to fight recklessly!
You hit the orc wizard but do no damage.
You are too injured to fight recklessly!
You hit the orc but do no damage.
The orc is heavily wounded.
Natasha mumbles some strange words.
You are too injured to fight recklessly!
Unknown command.
You barely miss the orc.
The orc is heavily wounded.
The orc barely misses you.
You are too injured to fight recklessly!
Unknown command.
You hit the orc but do no damage.
The orc is heavily wounded.
The orc wizard barely misses you. The orc closely misses you.
You are too injured to fight recklessly!
You closely miss the orc.
The orc is heavily wounded.
The orc barely misses you.
The orc wizard casts a spell.
The orc wizard flickers and vanishes!
Deactivating autopickup; reactivate with Ctrl-A.
You are too injured to fight recklessly!
You are too injured to fight recklessly!
You miss something.
Natasha mumbles some strange words.
Something hits you. The orc hits you with a +0 falchion.
You die...

..# #..# ##..#
#..!# #.
##...####
#..5#####........
#..hooo@......#
#..####{.....##
#......## .
##.).?..## #.#
#..###..##### ..
#†## ##.†[.)####.
#†# ##.....!...
#.# ##..#.###.
..# #........


You could see Natasha, a cerulean imp (summoned) and 3 orcs.

Vanquished Creatures
  A dart slug (D:4)
  An orc (D:4)
  3 endoplasms (D:4)
  A giant cockroach (D:4)
  3 jackals (D:4)
  A kobold (D:4)
  2 quokkas (D:4)
  A ball python (D:4)
13 creatures vanquished.

Notes
Turn   | Place    | Note
-------+----------+-------------------------------------------
     0 | D:5      | comborobin the Deep Elf Delver began the quest for the Orb.
     0 | D:5      | Reached XP level 1. HP: 13/13 MP: 3/3
     8 | D:6      | Noticed an iguana
    97 | D:5      | Found a sacrificial altar of Ru.
   107 | D:5      | Noticed a jelly
   115 | D:5      | Noticed an orc priest
   207 | D:4      | Reached skill level 1 in Unarmed Combat
   224 | D:4      | Reached XP level 2. HP: 16/18 MP: 4/4
   302 | D:4      | Noticed Natasha
   309 | D:4      | Slain by an orc

Illustrated notes

Levels and vault maps discovered:
D:4:      layout_layer_cave, minmay_surrounded, uniq_menkaure, uniq_natasha
D:5:      gammafunk_steamed_eel, layout_basic, makhleb_heckhound_becter,
          hangedman_ru_absence, serial_shops, shop
D:6:      layout_rooms, minmay_temple_entry_grid, grunt_decor_junction

Skill      XL: |  1 |
---------------+----+-----
Unarmed Combat | 1 |  1.9
Fighting       | |  2.4
Short Blades   | |  2.0
Dodging        | |  2.4
Stealth        | |  6.0

Action                     || total
---------------------------++-------
  Melee: Short sword       ||    50
         Punch             ||     2
    Use: Potion            ||     3
 Armour: Leather armour    ||    12
  Dodge: Dodged            ||    26

Table legend: (Time is in decaauts)
 A = Elapsed time spent in this place.
 B = Non-inter-level travel time spent in this place.
 C = Inter-level travel time spent in this place.
 D = Time resting spent in this place.
 E = Time spent auto-exploring this place.
 F = Levels seen in this place.
 G = Mean time per level.
                   A        B        C        D        E       F      G
               +--------+--------+--------+--------+--------+-----+--------+
         Total |    266 |    249 |     17 |      4 |     76 |   3 |   88.7 |
       Dungeon |    266 |    249 |     17 |      4 |     76 |   3 |   88.7 |
               +--------+--------+--------+--------+--------+-----+--------+

Top non-repeatable levels by time:
     D:5: 123 daAuts
     D:4: 115 daAuts
     D:6: 27 daAuts
